 Dungeon Crawl Stone Soup version 0.31-a0-229-g1fc7ce93e2 (webtiles) character file.

Game seed: 12693665663655244295

181 protoss039 the Digger (level 5, -5/40 HPs)
             Began as a Demonspawn Earth Elementalist on July 6, 2023.
             Was an Initiate of Vehumet.
             Slain by a gnoll
             ... wielding a +0 halberd
              (8 damage)
             ... on level 4 of the Dungeon.
             The game lasted 00:04:46 (2857 turns).

protoss039 the Digger (DsEE)                        Turns: 2857, Time: 00:04:47

Health: -5/40      AC:  3    Str:  8    XL:     5   Next: 34%
Magic:  4/9        EV:  6    Int: 18    God:    Vehumet [......]
Gold:   142        SH:  0    Dex: 14    Spells: 4/10 levels left

rFire   . . .        j - +0 dagger
rCold   . . .        g - orb {mayhem}
rNeg    . . .        a - +0 robe
rPois   .            (no helmet)
rElec   .            (no cloak)
rCorr   .            (no gloves)
SInv    .            (no boots)
Will    .....        (no amulet)
Stlth   ++           (no ring)
HPRegen 0.26/turn    (no ring)
MPRegen 0.22/turn

%: mayhem
@: held
A: rugged brown scales 1, magic regeneration
a: Renounce Religion


You were on level 4 of the Dungeon.
You worshipped Vehumet.
Vehumet was noncommittal.
You visited 1 branch of the dungeon, and saw 4 of its levels.

You collected 142 gold pieces.

Inventory:

Hand Weapons
 j - a +0 dagger (weapon)
Armour
 a - a +0 robe (worn)
 g - an orb of mayhem (worn)
Scrolls
 d - 2 scrolls of enchant armour {unknown}
 e - 3 scrolls of identify {unknown}
 f - a scroll of blinking {unknown}
 h - a scroll of butterflies {unknown}
 l - 2 scrolls of torment
 r - a scroll of amnesia {unknown}
Potions
 b - a potion of magic
 c - a potion of degeneration {unknown}
 i - a potion of mutation {unknown}
 k - a potion of heal wounds {unknown}
 m - 2 potions of cancellation {unknown}
 n - a potion of curing {unknown}
 o - 2 potions of ambrosia {unknown}
 p - a potion of brilliance {unknown}
 q - 2 potions of enlightenment {unknown}


   Skills:
 + Level 2.6 Fighting
 - Level 1.7 Dodging
 - Level 1.7 Stealth
 + Level 3.2 Spellcasting
 + Level 1.4 Conjurations
 - Level 0.8 Transmutations
 + Level 3.7 Earth Magic


You had 4 spell levels left.
You knew the following spells:

 Your Spells              Type           Power      Damage    Failure   Level
a - Sandblast             Erth           32%        2d9       3%          1
b - Passwall              Tmut/Erth      9%         N/A       10%         2
c - Stone Arrow           Conj/Erth      24%        3d8       17%         3

Your spell library contained the following spells:

 Spells                   Type           Power      Damage    Failure   Level
 Petrify                  Tmut/Erth      11%        N/A       52%         4


Dungeon Overview and Level Annotations

Branches:
Dungeon (4/15) Zot: 21100
 Temple: D:4-7

Altars:
Gozag
Nemelex Xobeh
Qazlal
Ru
Uskayaw
Vehumet

Shops:
D:1 (   D:2 =

Annotations:
D:1 1 runed translucent door
D:3 Terence


Innate Abilities, Weirdness & Mutations

You are partially covered in rugged brown scales. (AC +1, +3% HP)
You regenerate magic rapidly.


Message History

The gnoll is heavily wounded.
The gnoll closely misses you.
The gnoll throws a throwing net.
The throwing net hits you.
You become entangled in the net!
Unknown command.
Casting: Sandblast (safe; 3% risk of failure)
Confirm with . or Enter, or press ? or * to list all spells.
Aiming: Sandblast (safe; 3% risk of failure)
Press: ? - help, Shift-Dir - straight line, f/p - gnoll
Aim: a gnoll, wielding a +0 spear (heavily wounded, 84% to hit)
The blast of sand hits the gnoll.
The gnoll is almost dead.
The gnoll hits you from afar with a +0 spear.
Unknown command.
Unknown command.
Casting: Sandblast (safe; 3% risk of failure)
Confirm with . or Enter, or press ? or * to list all spells.
Aiming: Sandblast (safe; 3% risk of failure)
Press: ? - help, Shift-Dir - straight line, f/p - gnoll
Aim: a gnoll, wielding a +0 spear (almost dead, 84% to hit)
The blast of sand hits the gnoll!
You kill the gnoll!
Vehumet accepts your kill.
The gnoll flies into a frenzy!
The gnoll hits something from afar with a +0 halberd!
Vehumet accepts your kill.
You feel a bit more experienced.
The gnoll shouts!
You tear a large gash into the net.
The gnoll hits you from afar with a +0 halberd!
The gnoll hits you from afar with a +0 halberd.
Unknown command.
You struggle against the net.
The gnoll hits you from afar with a +0 halberd.
Your magical contamination has completely faded away.
Unknown command.
You struggle against the net.
The gnoll hits you from afar with a +0 halberd!
* * * LOW HITPOINT WARNING * * *
The gnoll hits you from afar with a +0 halberd!
You die...

..##.##.##.#.#.#..#..#
..##.#...#.............#
..##.#...#..##.......#.#
.....#...#..##.#.....#.#
#....#._.#.###.#####.. #
#....#...#.###.### ...
#.##[#...#.......#
#.##.#...#...#.#.#
#.##.#####.#.#.#@######..#
#.##.......#.#.#.)g......#
#.##########.#.####...##..
#.#.. .....>. #.###
...#### #.. ....# ## ###.#
.( ##


You could see a neutral gnoll (fast, strong, insane).

Vanquished Creatures
  A jelly (D:4)
  An iguana (D:4)
  A statue (D:4)
  3 adders (D:2)
  2 gnolls (D:4)
  A worm (D:3)
  A dart slug (D:3)
  An orc (D:3)
  5 endoplasms
  3 goblins
  7 hobgoblins
  3 jackals (D:3)
  A quokka (D:2)
  6 ball pythons
  6 bats
  A frilled lizard (D:1)
  5 kobolds
  4 rats
52 creatures vanquished.

Vanquished Creatures (collateral kills)
  A goblin (D:2)
  A hobgoblin (D:4)
2 creatures vanquished.

Grand Total: 54 creatures vanquished

Notes
Turn   | Place    | Note
-------+----------+-------------------------------------------
     0 | D:1      | protoss039 the Demonspawn Earth Elementalist began the
                  | quest for the Orb.
     0 | D:1      | Reached XP level 1. HP: 13/13 MP: 3/3
     1 | D:1      | Found a runed translucent door.
    45 | D:1      | Found Camus's Weapon Shoppe.
   298 | D:1      | Gained mutation: You are partially covered in rugged brown
                  | scales. (AC +1, +3% HP) [demonic ancestry]
   298 | D:1      | Reached XP level 2. HP: 14/20 MP: 3/5
   581 | D:1      | Reached skill level 1 in Fighting
   653 | D:1      | Found a faded altar of an unknown god.
   862 | D:1      | Learned a level 2 spell: Passwall
   985 | D:2      | Reached XP level 3. HP: 26/26 MP: 4/6
  1207 | D:2      | Found Qovvolet's Jewellery Boutique.
  1413 | D:2      | Learned a level 3 spell: Stone Arrow
  1445 | D:3      | Found a sacrificial altar of Ru.
  1475 | D:3      | Found a stormy altar of Qazlal.
  1483 | D:3      | Noticed Terence
  1617 | D:3      | Gained mutation: You regenerate magic rapidly. [demonic
                  | ancestry]
  1617 | D:3      | Reached XP level 4. HP: 23/33 MP: 2/8
  2041 | D:3      | Found a hide-covered altar of Uskayaw.
  2300 | D:3      | Found a sparkling altar of Nemelex Xobeh.
  2301 | D:3      | Found an opulent altar of Gozag.
  2705 | D:4      | Found a radiant altar of Vehumet.
  2705 | D:4      | Noticed a charred statue
  2721 | D:4      | Reached skill level 1 in Conjurations
  2721 | D:4      | Reached XP level 5. HP: 22/40 MP: 0/9
  2792 | D:4      | Killed a charred statue
  2795 | D:4      | Became a worshipper of Vehumet
  2857 | D:4      | Slain by a gnoll

Illustrated notes

Levels and vault maps discovered:
D:1:      dpeg_arrival_caged_fury, layout_basic, serial_shops,
          nicolae_shop_statue_plus, ebering_ecumenical_altar_box,
          hex_intersection, dreamdust_princess_bridge
D:2:      layout_rooms, serial_shops, nicolae_shop_just_a_little_nook
D:3:      layout_basic, grunt_temple_overflow_opulence, lemuel_doored_altar,
          mainiacjoe_overflow_large_starburst, uniq_terence
D:4:      layout_basic, vehumet_statue, mainiacjoe_overflow_alcove_4,
          minmay_temple_entry_nine_rooms, uniq_menkaure

Skill      XL: |  1  2  3  4 |
---------------+-------------+-----
Fighting       | 1 2 |  2.6
Earth Magic    | 3 |  3.7
Spellcasting   | 3 |  3.2
Conjurations   | 1 |  1.4
Dodging        | |  1.7
Stealth        | |  1.7
Transmutations | |  0.8

Action                     |  1- 3 |  4- 6 || total
---------------------------+-------+-------++-------
  Melee: Dagger            |    13 |     4 ||    17
   Cast: Sandblast         |    51 |    34 ||    85
         Stone Arrow       |       |     2 ||     2
    Use: Scroll            |       |     1 ||     1
   Stab: Sleeping          |     1 |     1 ||     2
 Armour: Robe              |     9 |     7 ||    16
  Dodge: Dodged            |    31 |    14 ||    45

Table legend: (Time is in decaauts)
 A = Elapsed time spent in this place.
 B = Non-inter-level travel time spent in this place.
 C = Inter-level travel time spent in this place.
 D = Time resting spent in this place.
 E = Time spent auto-exploring this place.
 F = Levels seen in this place.
 G = Mean time per level.
                   A        B        C        D        E       F      G
               +--------+--------+--------+--------+--------+-----+--------+
         Total |   2898 |   2786 |    112 |    213 |   2203 |   4 |  724.5 |
       Dungeon |   2898 |   2786 |    112 |    213 |   2203 |   4 |  724.5 |
               +--------+--------+--------+--------+--------+-----+--------+

Top non-repeatable levels by time:
     D:3: 1034 daAuts
     D:1: 871 daAuts
     D:2: 560 daAuts
     D:4: 431 daAuts
